 Dungeon Crawl Stone Soup version 0.18.1-50-g88ac8fd (webtiles) character file.

715 Duraxyll the Ducker (level 7, 0/56 HPs)
             Began as a Merfolk Berserker on Sept 24, 2016.
             Was a Priest of Trog.
             Succumbed to a scorpion's poison
             ... on level 4 of the Dungeon.
             The game lasted 00:15:01 (3396 turns).

Duraxyll the Ducker (Merfolk Berserker)             Turns: 3396, Time: 00:15:01

Health: 0/56       AC:  7    Str: 17 (19) XL:     7   Next: 69%
Magic:  7/7        EV: 14    Int:  4 (6)  God:    Trog [***...]
Gold:   262        SH:  0    Dex: 13 (14) Spells: 0 memorised, 6 levels left

rFire  . . .     SeeInvis .     a - +0 hand axe
rCold  . . .     Gourm    .     b - +0 ring mail
rNeg   . . .     Faith    .     (no shield)
rPois  .         Spirit   .     f - +0 helmet
rElec  .         Dismiss  .     j - +0 cloak
rCorr  .         Reflect  .     (no gloves)
SustAt .         Harm     .     (no boots)
MR     .....                    (no amulet)
Stlth  +.........               (no ring)
                                (no ring)

@: lethally poisoned (0 -> -3), flying, very slightly contaminated, hasted, very
quick, not resistant to hostile enchantments, very unstealthy
A: change form in water, swift swim
a: Berserk, Trog's Hand, Burn Spellbooks, Renounce Religion


You were on level 4 of the Dungeon.
You worshipped Trog.
Trog was most pleased with you.
You were not hungry.

You visited 1 branch of the dungeon, and saw 5 of its levels.

You collected 262 gold pieces.

Inventory:

Hand Weapons
 a - a +0 hand axe (weapon)
Missiles
 v - a throwing net (quivered)
Armour
 b - a +0 ring mail (worn)
 f - a +0 helmet (worn)
 j - a +0 cloak (worn)
Scrolls
 e - 2 scrolls of amnesia {unknown}
 g - 2 scrolls of enchant armour
 l - 4 scrolls of teleportation
 n - a scroll of random uselessness {unknown}
 p - a scroll of fog {unknown}
 q - a scroll of remove curse
 r - 5 scrolls of identify
Potions
 k - a potion of brilliance {unknown}
 t - a potion of mutation {unknown}
Comestibles
 c - 4 bread rations
 d - a meat ration
 s - a beef jerky
 u - 2 chunks of flesh


   Skills:
 + Level 5.0 Fighting
 + Level 4.1 Axes
 + Level 3.1 Armour
 + Level 6.6 Dodging
 + Level 1.3 Stealth


You had 6 spell levels left.
You didn't know any spells.

Dungeon Overview and Level Annotations

Branches:
Dungeon (5/15)             Temple (0/1) D:5

Altars:
Cheibriados
Kikubaaqudgha
Nemelex Xobeh
Ru
Sif Muna
Trog
Yredelemnul


Message History

You're too exhausted to go berserk.
As you read the scroll of teleportation, it crumbles to dust.
You feel strangely unstable.
* * * LOW HITPOINT WARNING * * *
You feel sick. The phantom completely misses you. The phantom hits you.
* * * LOW HITPOINT WARNING * * *
* * * LOW HITPOINT WARNING * * *
You feel sick. The orc wizard closely misses you.
You feel less exhausted.
* * * LOW HITPOINT WARNING * * *
You feel sick.
Your surroundings suddenly seem different.
It was a potion of flight.
You feel very buoyant.
You fly up into the air.
It was a potion of degeneration.
There was something very wrong with that liquid.
You feel weakened.
You feel dopey.
You feel clumsy.
You die...

#.######......... ##.##
##.###....##
######...###.#.##....#
#....................#
#.####...#.##.#....#>#
#.# ##.#.#.....#..#.##
#.# #.##..#.#...##...
#.#####.###.#.#..######
#.#...@.# #....#.######
#.#.###.# #...........#
#.#.# #.# ###.##.####.#
#.#.# #.# #.##.# #.#
#.#.# #.# #.##.# #.#
#.#.###.#####.##.# #.#
#.............##.# #.#
##...............# #.#
#..############## ##.#


There were no monsters in sight!

Vanquished Creatures
  The ghost of Duraxyll the Ducker, an amateur MfBe of Trog (D:4)
  A centaur (D:5)
  A crimson imp (D:5)
  3 giant frog zombies (D:5)
  A hound (D:4)
  2 centaur zombies (D:5)
  2 giant frog skeletons (D:5)
  A hound zombie (D:5)
  A hound skeleton (D:5)
  A howler monkey zombie (D:5)
  2 worker ant zombies (D:5)
  7 adders
  A howler monkey skeleton (D:5)
  An adder skeleton (D:5)
  A worm (D:3)
  3 dart slugs
  A giant gecko (D:3)
  An orc (D:5)
  6 giant cockroaches
  2 gnoll zombies (D:4)
  8 goblins
  8 hobgoblins
  2 jackals (D:2)
  2 quokkas
  A ball python (D:4)
  A ball python zombie (D:5)
  11 bats
  A giant newt (D:1)
  A jackal skeleton (D:5)
  10 kobolds
  2 quokka skeletons
  7 rats
93 creatures vanquished.

Notes
Turn   | Place    | Note
--------------------------------------------------------------
     0 | D:1      | Duraxyll the Merfolk Berserker began the quest for the Orb.
     0 | D:1      | Reached XP level 1. HP: 18/18 MP: 1/1
   106 | D:1      | Reached XP level 2. HP: 21/24 MP: 2/2
   431 | D:1      | Reached skill level 3 in Dodging
   554 | D:1      | Found a sparkling altar of Nemelex Xobeh.
   778 | D:1      | Reached XP level 3. HP: 20/30 MP: 3/3
   801 | D:1      | Reached ** piety under Trog
   877 | D:2      | Found a snail-covered altar of Cheibriados.
  1396 | D:2      | Reached XP level 4. HP: 37/37 MP: 4/4
  1549 | D:2      | Reached skill level 4 in Dodging
  2074 | D:3      | Found a sacrificial altar of Ru.
  2206 | D:4      | Reached *** piety under Trog
  2247 | D:4      | Found a basalt altar of Yredelemnul.
  2361 | D:4      | Noticed Duraxyll's ghost (amateur MfBe)
  2378 | D:4      | Killed Duraxyll's ghost
  2378 | D:4      | Reached skill level 5 in Dodging
  2378 | D:4      | Reached skill level 1 in Stealth
  2378 | D:4      | Reached XP level 5. HP: 43/43 MP: 5/5
  2378 | D:4      | Reached XP level 6. HP: 49/49 MP: 6/6
  2579 | D:4      | Found an ancient bone altar of Kikubaaqudgha.
  3024 | D:5      | Entered Level 5 of the Dungeon
  3073 | D:5      | Found a bloodstained altar of Trog.
  3169 | D:5      | Reached XP level 7. HP: 47/55 MP: 7/7
  3191 | D:5      | Reached skill level 6 in Dodging
  3225 | D:5      | Reached skill level 5 in Fighting
  3228 | D:5      | Found a deep blue altar of Sif Muna.
  3352 | D:5      | Found a staircase to the Ecumenical Temple.
  3389 | D:4      | HP: 2/56 [phantom (2)]
  3396 | D:4      | Succumbed to a scorpion's poison

Skill      XL: |  1  2  3  4  5  6  7 |
---------------+----------------------+-----
Dodging        | 3 5 6 |  6.6
Fighting       | 4 5 |  5.0
Axes           | 3 4 |  4.1
Armour         | 2 3 |  3.1
Stealth        | 1 |  1.3

Action                   |  1- 3 |  4- 6 |  7- 9 || total
-------------------------+-------+-------+-------++-------
Melee: Hand axe          |   141 |   174 |    79 ||   394
       Tailslap          |     3 |       |       ||     3
Invok: Berserk           |     1 |     3 |     3 ||     7
  Use: Scroll            |     5 |       |     1 ||     6
       Potion            |       |     1 |     5 ||     6
 Stab: Sleeping          |     1 |       |       ||     1
  Eat: Chunk             |     3 |     5 |       ||     8
       Bread ration      |       |     1 |       ||     1
       Fruit             |       |       |     2 ||     2
       Pizza             |       |       |     1 ||     1
Armor: Animal skin       |    46 |       |       ||    46
       Leather armour    |     4 |       |       ||     4
       Ring mail         |       |    70 |    43 ||   113
Dodge: Dodged            |   126 |   139 |    92 ||   357
